 Dungeon Crawl Stone Soup version 0.24-a0-698-g60d090ba07 (webtiles) character file.

2026 Kilingo the Spear-Bearer (level 9, 37/85 HPs)
             Began as a Minotaur Berserker on Mar 14, 2018.
             Was a Priest of Trog.
             Quit the game on level 6 of the Dungeon on Nov 8, 2019.
             The game lasted 00:53:37 (4070 turns).

Kilingo the Spear-Bearer (Minotaur Berserker)       Turns: 4070, Time: 00:53:39

Health: 37/85      AC:  6    Str: 26    XL:     9   Next: 3%
Magic:  8/8        EV: 14    Int:  4    God:    Trog [***...]
Gold:   242        SH:  0    Dex:  9    Spells: 8/8 levels left

rFire    . . .     SeeInvis +   v - +0 scythe
rCold    . . .     Gourm    .   (shield currently unavailable)
rNeg     . . .     Faith    .   s - +0 leather armour
rPois    .         Spirit   .   (helmet restricted)
rElec    .         Reflect  .   l - +1 cloak
rCorr    .         Harm     +   o - +0 pair of gloves
MR       .....                  (no boots)
Stlth    ++........             h - amulet of harm
HPRegen  0.24/turn              (no ring)
MPRegen  0.11/turn              (no ring)

@: no status effects
A: retaliatory headbutt, horns 2, see invisible, robust 1
a: Berserk, Trog's Hand, Renounce Religion


You were on level 6 of the Dungeon.
You worshipped Trog.
Trog was most pleased with you.
You were not hungry.

You visited 1 branch of the dungeon, and saw 6 of its levels.

You collected 387 gold pieces.
You spent 145 gold pieces at shops.

Inventory:

Hand Weapons
 g - a +1 short sword of electrocution
 i - a +0 trident
 v - a +0 scythe (weapon)
 A - a +0 blowgun
Missiles
 j - 7 boomerangs (quivered)
 x - 5 atropa-tipped darts
 y - 8 curare-tipped darts
 z - 7 atropa-tipped darts
Armour
 a - a +0 chain mail
 l - a +1 cloak (worn)
 o - a +0 pair of gloves (worn)
 s - a +0 leather armour (worn)
 w - a +0 scale mail
Jewellery
 h - an amulet of harm (around neck)
Wands
 t - a wand of iceblast (4)
 D - a wand of paralysis (15)
 E - a wand of random effects (26)
Scrolls
 b - a scroll of blinking
 e - 2 scrolls of remove curse
 k - a scroll of fear
 m - a scroll of teleportation
 p - a scroll of fog
 q - a scroll of magic mapping
 u - a scroll of enchant armour
 B - a scroll of immolation {unknown}
Potions
 d - a potion of ambrosia
 f - a potion of flight
 n - a potion of mutation
 r - 3 potions of curing
 C - a potion of heal wounds
Comestibles
 c - 15 rations
 F - 9 chunks of flesh


   Skills:
 + Level 6.5 Fighting
 + Level 0.3 Short Blades
   Level 5.1(7.5) Axes
 + Level 8.5(9.1) Polearms
 + Level 3.0 Throwing
 + Level 4.3 Armour
 + Level 5.7 Dodging
 + Level 2.6 Stealth
 + Level 0.6 Evocations


You had 8 spell levels left.
You didn't know any spells.
Your spell library was empty.

Dungeon Overview and Level Annotations

Branches:
Dungeon (6/15)
 Temple: D:4-7

Altars:
Fedhas
Makhleb
Okawaru
Trog
Zin

Shops:
D:6 *


Innate Abilities, Weirdness & Mutations

You reflexively headbutt those who attack you in melee.
You have a pair of horns on your head.
You have supernaturally acute eyesight. (SInv)
You are robust. (+10% HP)


Message History

A hand axe of flaming.
There is something else lying underneath.
The floor, spattered with blood.
Save game and exit?
Welcome back, Kilingo the Minotaur Berserker.
Trog says: Kill them all!
Press ? for a list of commands and other information.
There's nothing to open nearby.
(D) Dungeon
Where to? (? - help)
(D) Dungeon
Where to? (? - help)
(D) Dungeon
Where to? (? - help)
(D) Dungeon
Where to? (? - help)
(D) Dungeon
Where to? (? - help)
Okay, then.
Are you sure you want to abandon this character and quit the game? (Confirm with "yes".)

#......................#...
#......................#...
#..)...................#...
#>.....................#...
#........##'####.......#...
#........#.....#.......'...
##########.....#.......#...
*,.....)).....#.......#^..
*,o....##@..###.......#...
*,.o.,,*#...#........##...
*,..........#........#....
*,.....##...#........#....
*,....,*#...#....(...#....
*,...,,*#...#........#....
*,..,,,*########'#########
*,.,,,,,* #......'.....
*,,,,,,** #......#.....


There were no monsters in sight!

Vanquished Creatures
  A hornet (D:5)
  Sigmund (D:3)
  An orc warrior (D:6)
  A sky beast (D:5)
  A phantom (D:5)
  2 ogres
  A centaur (D:6)
  Blork the orc (D:6)
  2 bullfrogs (D:6)
  3 scorpions
  2 crimson imps
  A bullfrog zombie (D:6)
  2 centaur zombies (D:6)
  A bullfrog skeleton (D:6)
  3 orc wizards
  2 orc priests
  A hound (D:6)
  A centaur skeleton (D:6)
  2 iguanas
  4 worker ants
  A gnoll (D:1)
  A howler monkey skeleton (D:6)
  12 adders
  2 oozes
  An adder skeleton (D:4)
  2 worms
  A dart slug (D:2)
  3 leopard geckos
  17 orcs
  5 giant cockroaches
  4 goblins
  5 hobgoblins
  6 jackals
  2 quokkas
  5 ball pythons
  8 bats
  A frilled lizard (D:5)
  15 kobolds
  A leopard gecko skeleton (D:4)
  8 rats
133 creatures vanquished.

Notes
Turn   | Place    | Note
-------+----------+-------------------------------------------
     0 | D:1      | Kilingo the Minotaur Berserker began the quest for the Orb.
     0 | D:1      | Reached XP level 1. HP: 19/19 MP: 0/0
    64 | D:1      | Reached XP level 2. HP: 26/27 MP: 1/1
   321 | D:1      | Reached XP level 3. HP: 29/34 MP: 2/2
   737 | D:2      | Found a bloodstained altar of Trog.
   895 | D:2      | Reached XP level 4. HP: 33/41 MP: 3/3
   988 | D:2      | Reached ** piety under Trog
  1048 | D:2      | Found a blossoming altar of Fedhas.
  1048 | D:2      | Found a glowing silver altar of Zin.
  1127 | D:3      | Noticed Sigmund
  1132 | D:2      | Upgraded the game from 0.22-a0-274-gf8199ec to
                  | 0.22-a0-280-g69bf1f3
  1291 | D:3      | Reached skill level 1 in Polearms
  1304 | D:3      | Reached XP level 5. HP: 32/47 MP: 4/4
  1389 | D:3      | Reached skill level 5 in Fighting
  1468 | D:3      | Reached skill level 5 in Axes
  1501 | D:3      | Killed Sigmund
  1501 | D:3      | Reached skill level 3 in Polearms
  1501 | D:3      | Reached skill level 1 in Stealth
  1501 | D:3      | Reached XP level 6. HP: 46/56 MP: 5/5
  1866 | D:4      | Reached skill level 4 in Polearms
  1941 | D:4      | Found a burning altar of Makhleb.
  1967 | D:4      | Reached XP level 7. HP: 53/61 MP: 6/6
  2107 | D:4      | Gained mutation: You are robust. (+10% HP) [potion of
                  | mutation]
  2107 | D:4      | Gained mutation: You have supernaturally acute eyesight.
                  | (SInv) [potion of mutation]
  2213 | D:4      | Found an iron altar of Okawaru.
  2315 | D:5      | Entered Level 5 of the Dungeon
  2405 | D:5      | Reached skill level 5 in Polearms
  2422 | D:5      | Reached *** piety under Trog
  2555 | D:5      | Received a gift from Trog
  2555 | D:5      | Reached skill level 1 in Throwing
  2707 | D:5      | Noticed a hornet
  2711 | D:5      | Killed a hornet
  2711 | D:5      | Reached skill level 6 in Polearms
  2711 | D:5      | Reached XP level 8. HP: 60/77 MP: 7/7
  2804 | D:5      | Reached skill level 5 in Dodging
  3116 | D:6      | Noticed Blork the orc
  3125 | D:6      | Killed Blork the orc
  3125 | D:6      | Reached skill level 7 in Polearms
  3169 | D:6      | Found Jinang's Assorted Antiques.
  3178 | D:6      | Bought a glowing jade ring for 145 gold pieces
  3421 | D:6      | Reached skill level 8 in Polearms
  4061 | D:6      | Reached XP level 9. HP: 39/85 MP: 8/8
  4070 | D:6      | Upgraded the game from 0.22-a0-617-g6d95e9e to
                  | 0.24-a0-698-g60d090ba07
  4070 | D:6      | Quit the game

Levels and vault maps discovered:
D:1:      saegor_arrival_simple_e
D:2:      lemuel_doored_altar, gammafunk_temple_overflow_elements
D:3:      first_ration, kennysheep_generic_room_10, uniq_sigmund
D:4:      okawaru_metal_pillars_1_2, old_standard_altar
D:5:      minivault_23
D:6:      serial_shops, nicolae_shop_trees, nicolae_sextant, uniq_blork_the_orc

Skill      XL: |  1  2  3  4  5  6  7  8 |
---------------+-------------------------+-----
Fighting       | 4 5 6 |  6.5
Axes           | 4 5 |  5.1
Dodging        | 3 4 5 |  5.7
Polearms       | 1 3 4 6 8 |  8.5
Stealth        | 1 2 |  2.6
Armour         | 3 4 |  4.3
Throwing       | 1 3 |  3.0
Short Blades   | |  0.3
Evocations     | |  0.6

Action                   |  1- 3 |  4- 6 |  7- 9 || total
-------------------------+-------+-------+-------++-------
Melee: Hand axe          |    28 |       |       ||    28
       Headbutt          |     7 |    15 |    24 ||    46
       Trident           |    17 |    73 |       ||    90
       Short sword       |    17 |       |     3 ||    20
       Scythe            |       |    27 |   137 ||   164
 Fire: Blowgun           |       |       |     2 ||     2
Throw: Boomerang         |       |     3 |    23 ||    26
Invok: Berserk           |     2 |     1 |     2 ||     5
       Trog's Hand       |       |     1 |     5 ||     6
Evoke: Wand              |       |     2 |     1 ||     3
  Use: Scroll            |     1 |     3 |     7 ||    11
       Potion            |       |       |     3 ||     3
 Stab: Sleeping          |       |     1 |       ||     1
  Eat: Chunk             |     2 |     5 |     6 ||    13
       Ration            |       |       |     2 ||     2
Armor: Animal skin       |     4 |       |       ||     4
       Leather armour    |       |    21 |    38 ||    59
Dodge: Dodged            |    40 |    57 |   120 ||   217

Table legend:
 A = Non-vault XP
 B = Vault XP
 C = Vault XP percentage of total XP
 D = Non-vault monster count
 E = Vault monster count
 F = Vault count percentage of total count
                 A         B        C        D         E       F
            +---------+---------+-------+---------+---------+-------
      Total |    2895 |       0 |   0.0 |     133 |       0 |   0.0
            +---------+---------+-------+---------+---------+-------
        D:1 |      50 |       0 |   0.0 |      20 |       0 |   0.0
        D:2 |      74 |       0 |   0.0 |      19 |       0 |   0.0
        D:3 |     407 |       0 |   0.0 |      29 |       0 |   0.0
        D:4 |     406 |       0 |   0.0 |      20 |       0 |   0.0
        D:5 |     978 |       0 |   0.0 |      19 |       0 |   0.0
        D:6 |     980 |       0 |   0.0 |      26 |       0 |   0.0
            +---------+---------+-------+---------+---------+-------
